 Dungeon Crawl Stone Soup version 0.29-a0-495-g17b79114eb (webtiles) character file.

Game seed: 14325521619358577813

7933 pokeman the Thaumaturge (level 11, -7/61 HPs)
             Began as a Deep Elf Hedge Wizard on May 27, 2022.
             Was a Believer of Vehumet.
             Shot with an arrow by a centaur warrior (14 damage)
             ... on level 9 of the Dungeon.
             The game lasted 00:35:14 (11000 turns).

pokeman the Thaumaturge (Deep Elf Hedge Wizard)    Turns: 11000, Time: 00:35:16

Health: -7/61      AC:  8    Str:  7    XL:     11   Next: 3%
Magic:  6/31       EV: 12    Int: 30    God:    Vehumet [**....]
Gold:   222        SH:  0    Dex: 17    Spells: 22/38 levels left

rFire   + . .      SeeInvis +   F - +10 dagger of Courage {spect, rElec rPois Int+3}
rCold   x . .      Faith    .   (no shield)
rNeg    . . .      Spirit   .   O - +0 leather armour "Wierat" {Dex+3}
rPois   +          Reflect  .   f - +0 helmet {Int+3}
rElec   +          Harm     .   (no cloak)
rCorr   +          Rampage  .   q - +1 pair of gloves
Will    +....                   u - +1 pair of boots
Stlth   ++........              i - amulet of regeneration
HPRegen 1.00/turn               r - ring of see invisible
MPRegen 0.22/turn               K - ring "Zeibloso" {Fire rCorr}

@: no status effects
A: no striking features
a: Renounce Religion


You were on level 9 of the Dungeon.
You worshipped Vehumet.
Vehumet was pleased with you.
You visited 2 branches of the dungeon, and saw 10 of its levels.
You also visited: Ossuary.

You collected 636 gold pieces.
You spent 414 gold pieces at shops.

Inventory:

Hand Weapons
 z - the +1 hand crossbow "Meuth" {vorpal, rPois rN++ rCorr}
   (You bought it in a shop on level 4 of the Dungeon)

   Any ammunition fired from it inflicts extra damage upon your enemies.
   rPois:     It protects you from poison.
   rN:        It greatly protects you from negative energy.
   rCorr:     It protects you from acid and corrosion.
 F - the +10 dagger of Courage (weapon) {spect, rElec rPois Int+3}
   (You found it on level 7 of the Dungeon)

   When its wielder attacks, the weapon's spirit leaps out and strikes again.
   The spirit shares a part of any damage it takes with its wielder.
   Int:       It affects your intelligence (+3).
   rElec:     It insulates you from electricity.
   rPois:     It protects you from poison.
Armour
 f - a +0 helmet of intelligence (worn)
 q - a +1 pair of gloves (worn)
 u - a +1 pair of boots (worn)
 G - a +2 robe of cold resistance
 J - a +0 buckler of reflection
 O - the +0 leather armour "Wierat" (worn) {Dex+3}
   (You found it on level 9 of the Dungeon)

   Dex:       It affects your dexterity (+3).
Magical Staves
 N - a staff of earth
Jewellery
 g - a ring of fire
 i - an amulet of regeneration (around neck)
 r - a ring of see invisible (left hand)
 t - an amulet of reflection
 K - the ring "Zeibloso" (right hand) {Fire rCorr}
   (You found it on level 8 of the Dungeon)

   [ring of fire]

   It enhances your fire magic.
   rF:        It protects you from fire.
   rC:        It makes you vulnerable to cold.
   rCorr:     It protects you from acid and corrosion.
Wands
 p - a wand of paralysis (18)
 w - a wand of iceblast (25)
 L - a wand of polymorph (9)
Scrolls
 a - 14 scrolls of identify {unknown}
 b - 2 scrolls of noise {unknown}
 e - 7 scrolls of teleportation {unknown}
 j - a scroll of summoning {unknown}
 m - 2 scrolls of enchant weapon {unknown}
 o - 4 scrolls of magic mapping {unknown}
 v - 3 scrolls of blinking {unknown}
 x - 4 scrolls of amnesia {unknown}
 y - a scroll of acquirement {unknown}
 I - 2 scrolls of torment {unknown}
Potions
 c - 10 potions of curing {unknown}
 d - 2 potions of magic
 h - 2 potions of resistance {unknown}
 k - 3 potions of haste
 n - 2 potions of invisibility
 s - 4 potions of mutation {unknown}
 A - 3 potions of cancellation {unknown}
 B - 2 potions of might {unknown}
 C - a potion of flight {unknown}
 D - a potion of brilliance {unknown}
 E - a potion of lignification {unknown}
 H - 3 potions of heal wounds {unknown}


   Skills:
 - Level 4.0 Fighting
 - Level 3.0 Armour
 - Level 3.0 Dodging
 - Level 3.0 Stealth
 + Level 3.2 Shields
 * Level 14.4 Spellcasting
 + Level 8.3 Conjurations
 - Level 1.1 Summonings
 - Level 1.1 Necromancy
 - Level 1.1 Translocations
 + Level 7.5 Fire Magic
 - Level 1.0 Air Magic
 - Level 1.0 Earth Magic
 - Level 1.0 Poison Magic
 - Level 1.0 Evocations


You had 22 spell levels left.
You knew the following spells:

 Your Spells              Type           Power      Damage    Failure   Level
a - Magic Dart            Conj           100%       1d8       1%          1
b - Mephitic Cloud        Conj/Pois/Air  42%        N/A       2%          3
c - Call Imp              Summ           28%        N/A       3%          2
d - Blink                 Tloc           56%        N/A       3%          2
e - Conjure Flame         Conj/Fire      81%        6-21      1%          3
f - Foxfire               Conj/Fire      100%       2x1d9     1%          1
g - Swiftness             Air            27%        N/A       6%          3
h - Shock                 Conj/Air       100%       1d9       1%          1

Your spell library contained the following spells:

 Spells                   Type           Power      Damage    Failure   Level
 Ignite Poison            Fire/Tmut/Pois 55%        N/A       3%          3
 Freeze                   Ice            84%        1d10      3%          1
 Slow                     Hex            84%        N/A       3%          1
 Vampiric Draining        Necr           28%        2d8       6%          3
 Hailstorm                Conj/Ice       46%        3d11      6%          4
 Confusing Touch          Hex            21%        N/A       10%         3
 Frozen Ramparts          Ice            42%        1d6       10%         3
 Animate Dead             Necr           28%        N/A       21%         4
 Passage of Golubria      Tloc           28%        N/A       21%         4
 Airstrike                Air            13%        N/A       22%         4
 Borgnjor's Vile Clutch   Necr/Erth      14%        N/A       50%         5
 Silence                  Hex/Air        12%        N/A       58%         5
 Death Channel            Necr           14%        N/A       97%         6
 Borgnjor's Revivificati  Necr           14%        N/A       100%        8
 Lehudib's Crystal Spear  Conj/Erth      24%        10d7      100%        8
 Necromutation            Tmut/Necr      12%        N/A       100%        8
 Death's Door             Necr           14%        N/A       100%        9


Dungeon Overview and Level Annotations

Branches:
Dungeon (9/15)             Temple (1/1) D:4            Lair (0/6) D:9
Ossuary (visited)
    Orc: D:9-12

Altars:
Ashenzari
Cheibriados
Elyvilon
Fedhas
Gozag
Hepliaklqana
Kikubaaqudgha
Makhleb
Nemelex Xobeh
Okawaru
Qazlal
Ru
Sif Muna
Trog
Uskayaw
Vehumet
Wu Jian
Xom
Yredelemnul
Zin
The Shining One

Shops:
D:4 (!(   D:8 *   D:9 *

Annotations:
D:9 exclusion: 2 doors, Amaemon


Message History

The cyclops seems less confused.
The centaur warrior unwields a +0 shortbow.
The centaur warrior hits itself!
The centaur warrior barely misses itself.
Casting: Mephitic Cloud (dangerous; 2% risk of failure)
Confirm with . or Enter, or press ? or * to list all spells.
Aiming: Mephitic Cloud (dangerous; 2% risk of failure)
Press: ? - help, Shift-Dir - straight line, f - cyclops, p - centaur warrior
Aim: a cyclops, quivering large rocks (chance to affect: 58%)
The ball explodes into a vile cloud!
The stinking cloud engulfs the cyclops but does no damage.
The cyclops is engulfed in noxious fumes.
The cyclops throws a large rock.
The large rock hits you!!
* * * LOW HITPOINT WARNING * * *
The gnoll sergeant is engulfed in noxious fumes.
The gnoll sergeant throws a stone.
The stone hits you but does no damage.
The centaur warrior seems less confused.
The cyclops is engulfed in noxious fumes.
The cyclops appears confused.
The gnoll sergeant throws a stone.
The stone hits you.
* * * LOW HITPOINT WARNING * * *
There is an open door here.
Unknown command.
You close the door.
You hear a shout!
You hear a shout!
Something unseen breaks down the door.
Casting: Mephitic Cloud (dangerous; 2% risk of failure)
Confirm with . or Enter, or press ? or * to list all spells.
Aiming: Mephitic Cloud (dangerous; 2% risk of failure)
Press: ? - help, Shift-Dir - straight line The ball explodes into a vile cloud!
The stinking cloud engulfs the centaur warrior but does no damage.
The centaur warrior is moderately wounded.
You hear a shout!
The centaur warrior wields a +0 shortbow.
The centaur warrior shoots an arrow.
The arrow hits you!
* * * LOW HITPOINT WARNING * * *
The centaur warrior shoots an arrow.
The arrow hits you!
You die...

##..### #.........# ###...#
##...#####..♣.g....#####.....#
###.....#####c#####.......###
#####......☼§..............
#.......§..............
##....^.................
####........>...........###
#.....................###
#.<.......@..........######
#....................#.....
#####................#.....
#......................
#..♣#...............###
#♣.∩.♣..............##
##♣....#............##
##...#............#.
#...#..............


You could see a centaur warrior and a gnoll sergeant.

Vanquished Creatures
  A hydra (D:9)
  Pikel (D:7)
  The ghost of ultragoat the Basher, a novice MiFi of Okawaru (D:8)
  A manticore (D:9)
  An orange demon (D:9)
  The ghost of croobank the Covert, an amateur GnDe (D:3)
  2 wyverns (D:7)
  6 yaks (D:9)
  3 steam dragons
  An acid dragon (D:9)
  A water moccasin (D:7)
  3 orc warriors
  A sky beast (D:6)
  4 ice beasts
  An ogre (D:4)
  4 centaurs
  3 lemures (D:7)
  4 kobold brigands
  2 bullfrogs
  3 scorpions
  9 wights
  2 troll zombies (Ossuary)
  A killer bee (D:9)
  4 jellies
  6 hounds
  6 orc priests
  Natasha (twice) (D:3)
  4 iguanas
  9 orc wizards
  3 ogre zombies (Ossuary)
  2 killer bee simulacra (D:8)
  7 mummies (Ossuary)
  4 adders
  8 gnolls (D:6)
  A shadow imp (D:5)
  4 white imps
  An ufetubus (D:5)
  5 adder zombies (Ossuary)
  A worm (D:5)
  27 orcs
  8 ball pythons
  5 endoplasms
  2 giant cockroaches
  10 goblins
  5 hobgoblins
  7 jackals
  34 kobolds
  6 quokkas
  6 bats
  4 frilled lizards
  3 goblin zombies (Ossuary)
  2 hobgoblin zombies (Ossuary)
  6 kobold zombies (Ossuary)
  6 quokka zombies (Ossuary)
  2 rats
  3 rat zombies (Ossuary)
259 creatures vanquished.

Vanquished Creatures (collateral kills)
  An orc priest (D:9)
  Jessica (D:3)
  Natasha (D:3)
  Robin (D:2)
  A worm (D:3)
  A dart slug (D:3)
  2 orcs (D:9)
  3 goblins
  3 kobolds
14 creatures vanquished.

Vanquished Creatures (others)
  A wraith (D:9)
  144 foxfires
  25 plants
170 creatures vanquished.

Grand Total: 443 creatures vanquished

Notes
Turn   | Place    | Note
-------+----------+-------------------------------------------
     0 | D:1      | pokeman the Deep Elf Hedge Wizard began the quest for the
                  | Orb.
     0 | D:1      | Reached XP level 1. HP: 10/10 MP: 7/7
   350 | D:1      | Reached XP level 2. HP: 15/15 MP: 6/9
  1164 | D:2      | Reached skill level 5 in Spellcasting
  1355 | D:2      | Reached XP level 3. HP: 20/20 MP: 9/11
  1359 | D:2      | Learned a level 3 spell: Mephitic Cloud
  1362 | D:2      | Learned a level 2 spell: Call Imp
  1365 | D:2      | Learned a level 2 spell: Blink
  1369 | D:2      | Learned a level 3 spell: Conjure Flame
  1371 | D:2      | Learned a level 1 spell: Shock
  1457 | D:2      | Noticed Robin
  1488 | D:2      | Killed Robin
  1489 | D:2      | Reached skill level 1 in Fighting
  1489 | D:2      | Reached skill level 1 in Armour
  1733 | D:2      | Reached XP level 4. HP: 24/25 MP: 3/13
  2251 | D:3      | Found a runed translucent gate.
  2251 | D:3      | Found a runed translucent gate.
  2252 | D:3      | Found a runed translucent gate.
  2254 | D:3      | Noticed croobank's ghost (amateur GnDe)
  2254 | D:3      | Noticed a kobold brigand
  2255 | D:3      | Found a blossoming altar of Fedhas.
  2637 | D:3      | Noticed Natasha
  2655 | D:3      | Noticed Jessica
  2682 | D:3      | Killed Natasha
  2686 | D:3      | Killed Jessica
  2687 | D:3      | Reached skill level 6 in Spellcasting
  2687 | D:3      | Reached XP level 5. HP: 29/29 MP: 1/15
  3090 | D:3      | Found a glowing golden altar of the Shining One.
  3599 | D:3      | Noticed Natasha
  3606 | D:3      | Killed Natasha
  4136 | D:3      | Noticed Natasha
  4146 | D:3      | Killed Natasha
  4266 | D:4      | Found a glowing silver altar of Zin.
  4305 | D:4      | Reached XP level 6. HP: 35/35 MP: 6/17
  4415 | D:4      | Found Isuesilo's Antique Weapon Shop.
  4657 | D:4      | Found a staircase to the Ecumenical Temple.
  4669 | D:4      | Reached skill level 7 in Spellcasting
  4669 | D:4      | Reached skill level 1 in Fire Magic
  4685 | Temple   | Entered the Ecumenical Temple
  5019 | D:4      | Found a basalt altar of Yredelemnul.
  5135 | D:4      | Found Qatwetwa's Distillery.
  5141 | D:4      | Bought a potion of degeneration for 11 gold pieces
  5146 | D:4      | Found Puysohih's Weapon Emporium.
  5438 | D:4      | Bought a translucent hand crossbow for 238 gold pieces
  5438 | D:4      | Identified the +1 hand crossbow "Meuth" {vorpal, rPois rN++
                  | rCorr} (You bought it in a shop on level 4 of the Dungeon)
  5444 | D:5      | Entered Level 5 of the Dungeon
  5505 | D:5      | Reached skill level 1 in Air Magic
  5512 | D:5      | Reached XP level 7. HP: 36/39 MP: 14/20
  5668 | D:5      | Reached skill level 1 in Poison Magic
  5668 | D:5      | Reached skill level 1 in Evocations
  5723 | D:5      | Reached skill level 8 in Spellcasting
  5873 | D:5      | Found a hazy altar of Hepliaklqana.
  6120 | D:6      | Found a sand-covered staircase.
  6130 | Ossuary  | Entered an ossuary
  6730 | D:6      | Reached XP level 8. HP: 44/44 MP: 19/22
  6779 | D:6      | Reached skill level 9 in Spellcasting
  7024 | D:6      | Reached skill level 5 in Conjurations
  7066 | D:6      | Reached skill level 10 in Spellcasting
  7135 | D:6      | Learned a level 3 spell: Swiftness
  7246 | D:6      | Found a sacrificial altar of Ru.
  7314 | D:6      | Found a sparkling altar of Nemelex Xobeh.
  7322 | D:6      | Found a sparkling altar of Nemelex Xobeh.
  7550 | D:6      | Found an iron altar of Okawaru.
  7714 | D:7      | Found an ancient bone altar of Kikubaaqudgha.
  7739 | D:7      | Identified the +10 dagger of Courage {spect, rElec rPois
                  | Int+3}
  7870 | D:7      | Noticed Pikel
  7890 | D:7      | Killed Pikel
  7891 | D:7      | Reached skill level 11 in Spellcasting
  7891 | D:7      | Reached XP level 9. HP: 50/50 MP: 15/26
  8096 | D:7      | Found a white marble altar of Elyvilon.
  8224 | D:7      | Reached skill level 5 in Fire Magic
  8514 | D:8      | Found an iron altar of Okawaru.
  8514 | D:8      | Found a radiant altar of Vehumet.
  8519 | D:8      | Found a shimmering altar of Xom.
  8522 | D:8      | Became a worshipper of Vehumet
  8563 | D:8      | Found a runed translucent gate.
  8563 | D:8      | Found a runed translucent gate.
  8563 | D:8      | Found a runed translucent gate.
  8619 | D:8      | Reached skill level 12 in Spellcasting
  8850 | D:8      | Reached * piety under Vehumet
  8850 | D:8      | Offered knowledge of Foxfire by Vehumet.
  8853 | D:8      | Learned a level 1 spell: Foxfire
  8953 | D:8      | Found Fifeurghi's Assorted Antiques.
  8963 | D:8      | Bought a runed buckler for 165 gold pieces
  9668 | D:8      | Noticed ultragoat's ghost (novice MiFi)
  9721 | D:8      | Reached XP level 10. HP: 56/56 MP: 18/28
  9736 | D:8      | Killed ultragoat's ghost
  9737 | D:8      | Reached skill level 1 in Shields
  9892 | D:8      | Got the ring "Zeibloso" {Fire rCorr}
 10065 | D:3      | Reached skill level 13 in Spellcasting
 10067 | D:3      | Killed croobank's ghost
 10221 | D:9      | Found Papnefre's General Store.
 10274 | D:9      | Noticed an orange demon
 10275 | D:9      | Noticed Amaemon
 10404 | D:9      | Killed an orange demon
 10512 | D:9      | Reached skill level 1 in Necromancy
 10534 | D:9      | Reached skill level 1 in Earth Magic
 10546 | D:9      | Noticed a centaur warrior
 10546 | D:9      | Noticed a six-headed hydra
 10571 | D:9      | Noticed a manticore
 10591 | D:9      | Killed a manticore
 10591 | D:9      | Reached ** piety under Vehumet
 10649 | D:9      | Identified the +0 leather armour "Wierat" {Dex+3}
 10674 | D:9      | Offered knowledge of Sandblast by Vehumet.
 10710 | D:9      | Reached skill level 14 in Spellcasting
 10894 | D:9      | Found a staircase to the Lair.
 10937 | D:9      | Offered knowledge of Ignite Poison by Vehumet.
 10964 | D:9      | Noticed a cyclops
 10982 | D:9      | Killed a six-headed hydra
 10982 | D:9      | Noticed a centaur warrior
 10983 | D:9      | Reached XP level 11. HP: 40/61 MP: 16/31
 11000 | D:9      | Shot with an arrow by a centaur warrior

Illustrated notes

Levels and vault maps discovered:
D:1:      evilmike_arrival_rings, layout_loops_ring, serial_bayou_lagoon_a,
          chequers_mini_garden, chequers_garden
D:2:      layout_rooms, minmay_pentomino_u4, uniq_robin
D:3:      layout_loops_corners, nicolae_tso_swordbearing_angel,
          mainiacjoe_overflow_cross_hatched, gammafunk_ghost_nasty_kobolds,
          minmay_circle_x, uniq_jessica, uniq_natasha
D:4:      layout_basic, kennysheep_mini_moat, lemuel_crystal_altar,
          minmay_temple_entry_large_hall, serial_shops, shop,
          kennysheep_little_box, nicolae_shop_bloodbath_and_beyond
D:5:      layout_rooms, mainiacjoe_overflow_paths
D:6:      layout_basic, nicolae_ru_sacrificial_ziggurat,
          nemelex_spade_bored_becter, nicolae_ossuary_entry_ruins,
          hangedman_feature_mirror, grunt_ministairs_7
D:7:      layout_basic, lemuel_crystal_altar, lemuel_doored_altar, uniq_pikel
D:8:      layout_cave_pods, gammafunk_temple_overflow_forgotten,
          gammafunk_ghost_icy, serial_shops, shop
D:9:      minmay_the_grid_plus_closed [minmay_the_grid_doors,
          minmay_the_grid_paths, minmay_the_grid_garden, minmay_the_grid_fan,
          minmay_the_grid_prize_four_corners], layout_cross, serial_shops,
          nicolae_shop_trees, minivault_25_ag, chequers_serial_rivers_marsh,
          uniq_amaemon
Temple:   jpeg_temple_island

Skill      XL: |  1  2  3  4  5  6  7  8  9 10 |
---------------+-------------------------------+-----
Spellcasting   | 5 6 7 8 11 12 14 | 14.4
Fighting       | 1 2 3 4 |  4.0
Armour         | 1 2 3 |  3.0
Conjurations   | 2 3 4 6 7 8 |  8.3
Dodging        | 3 |  3.0
Fire Magic     | 1 2 4 6 7 |  7.5
Air Magic      | 1 |  1.0
Stealth        | 3 |  3.0
Poison Magic   | 1 |  1.0
Evocations     | 1 |  1.0
Shields        | 3 |  3.2
Necromancy     | 1 |  1.1
Earth Magic    | 1 |  1.0
Summonings     | |  1.1
Translocations | |  1.1

Action                   |  1- 3 |  4- 6 |  7- 9 | 10-12 || total
-------------------------+-------+-------+-------+-------++-------
Melee: Dagger            |     7 |    15 |    41 |    69 ||   132
       Punch             |       |       |       |     2 ||     2
 Fire: Hand crossbow     |       |    26 |   257 |       ||   283
 Cast: Magic Dart        |    66 |    11 |     5 |       ||    82
       Shock             |    19 |    45 |    76 |       ||   140
       Call Imp          |     2 |     2 |     3 |     2 ||     9
       Mephitic Cloud    |       |     7 |    20 |    10 ||    37
       Conjure Flame     |       |     2 |    24 |     7 ||    33
       Blink             |       |       |     1 |     1 ||     2
       Foxfire           |       |       |    21 |    63 ||    84
Evoke: Wand              |       |       |       |     2 ||     2
 Stab: Confused          |       |     3 |     4 |     1 ||     8
       Paralysed         |       |       |       |     3 ||     3
       Distracted        |       |       |       |     1 ||     1
Armor: Robe              |     7 |       |       |       ||     7
       Leather armour    |     5 |    11 |    55 |    16 ||    87
Dodge: Dodged            |    25 |    35 |   100 |    41 ||   201

Table legend: (Time is in decaauts)
 A = Elapsed time spent in this place.
 B = Non-inter-level travel time spent in this place.
 C = Inter-level travel time spent in this place.
 D = Time resting spent in this place.
 E = Time spent auto-exploring this place.
 F = Levels seen in this place.
 G = Mean time per level.
                   A        B        C        D        E       F      G
               +--------+--------+--------+--------+--------+-----+--------+
         Total |  11211 |  10583 |    628 |    131 |   7685 |  11 | 1019.2 |
       Dungeon |  10215 |   9599 |    616 |    131 |   7016 |   9 | 1135.0 |
        Temple |    322 |    310 |     12 |      0 |    304 |   1 |  322.0 |
       Ossuary |    672 |    672 |      0 |      0 |    364 |   1 |  672.0 |
               +--------+--------+--------+--------+--------+-----+--------+

Top non-repeatable levels by time:
     D:3: 2213 daAuts
     D:8: 1566 daAuts
     D:1: 1166 daAuts
     D:6: 1125 daAuts
     D:4: 1035 daAuts
     D:2: 927 daAuts
     D:7: 787 daAuts
     D:5: 698 daAuts
     D:9: 695 daAuts
 Ossuary: 672 daAuts
  Temple: 322 daAuts
